 Dungeon Crawl Stone Soup version 0.18-a0-1628-g61c6396 (webtiles) character file.

2288 Oddball22 the Martial Artist (level 9, -11/71 HPs)
             Began as a Demonspawn Monk on Mar 25, 2016.
             Mangled by a wyvern zombie (13 damage)
             ... on level 7 of the Dungeon.
             The game lasted 00:25:19 (8925 turns).

Oddball22 the Martial Artist (Demonspawn Monk)      Turns: 8925, Time: 00:25:20

Health: -11/71     AC:  2    Str: 13    XL:     9   Next: 17%
Magic:  9/9        EV: 17    Int: 12    God:
Gold:   1018       SH:  0    Dex: 17    Spells: 0 memorised, 8 levels left

rFire  + . .     SeeInvis +       - Unarmed
rCold  . . .     Gourm    .     u - +0 robe of the Dungeon {SInv}
rNeg   + . .     Faith    .     (no shield)
rPois  .         Spirit   .     (no helmet)
rElec  .         Dismiss  .     t - +0 cloak "Ywanept" {rN+}
rCorr  .         Reflect  .     (no gloves)
SustAt .         Harm     .     (no boots)
MR     +....                    (no amulet)
Stlth  ++........               n - ring of protection from magic
                                g - ring of protection from fire

@: somewhat resistant to hostile enchantments, unstealthy
A: claws 1, blurry vision 1, deformed body, demonic guardian 2, wild magic 1,
rot immunity
a: no special abilities


You were on level 7 of the Dungeon.
You were not hungry.

You visited 1 branch of the dungeon, and saw 7 of its levels.
You also visited: Bailey.

You collected 1018 gold pieces.

Inventory:

Hand Weapons
 o - the cursed +1 spear of Karma {flame, rElec rPois Stlth+, unknown}
   (You took it off a gnoll in a bailey)

   It has been specially enchanted to burn those struck by it, causing extra
   injury to most foes and up to half again as much damage against particularly
   susceptible opponents.
   It insulates you from electricity.
   It protects you from poison.
   It makes you more stealthy.
   It has a curse placed upon it.
Missiles
 c - a throwing net (quivered)
 s - 35 tomahawks of returning
 w - 45 bolts
 D - 4 tomahawks
Armour
 a - a +0 robe
 t - the +0 cloak "Ywanept" (worn) {rN+}
   (You found it on level 6 of the Dungeon)

   It protects you from negative energy.
 u - the +0 robe of the Dungeon (worn) {SInv}
   (You found it on level 6 of the Dungeon)

   It lets you see invisible.
Jewellery
 d - an uncursed ring of wizardry
 f - an uncursed ring of teleportation
 g - a ring of protection from fire (left claw)
 l - an uncursed ring of magical power
 n - a ring of protection from magic (right claw)
Wands
 v - a wand of flame (0/48)
 z - a wand of lightning (0/15)
Scrolls
 h - 2 scrolls of enchant armour {unknown}
 k - 8 scrolls of identify
 m - a scroll of magic mapping {unknown}
 q - a scroll of teleportation {unknown}
 x - a scroll of fog
 y - 2 scrolls of remove curse
 A - a scroll of random uselessness {unknown}
Potions
 e - 3 potions of mutation
Miscellaneous
 B - a legendary deck of defence
Comestibles
 b - 5 bread rations
 i - 3 meat rations
 j - 2 beef jerkies
 p - 3 fruits
 r - 2 royal jellies
 C - 3 chunks of flesh


   Skills:
 + Level 6.4 Fighting
 + Level 6.9 Dodging
 - Level 1.7 Stealth
 * Level 8.5 Unarmed Combat
 + Level 0.2 Evocations


You had 8 spell levels left.
You didn't know any spells.

Dungeon Overview and Level Annotations

Branches:
Dungeon (7/15)
 Temple: D:4-7

Altars:
Makhleb
Xom
Zin
The Shining One

Shops:
D:6 *(


Innate Abilities, Weirdness & Mutations

You have sharp fingernails.
A demonic guardian rushes to your aid.
You are immune to rotting.
Scrolls take you a little longer to read.
Armour fits poorly on your strangely shaped body.
Your spells are a little harder to cast, but a little more powerful.


Message History

You kill the kobold!
Your sun demon disappears in a puff of smoke!
You claw the wyvern zombie! The wyvern zombie closely misses you.
You scratch the wyvern zombie. The wyvern zombie barely misses you. x2
You claw the wyvern zombie! The wyvern zombie barely misses you.
You completely miss the wyvern zombie. You claw the wyvern zombie.
The wyvern zombie bites you!
* * * LOW HITPOINT WARNING * * *
You claw the wyvern zombie! The wyvern zombie bites you!
* * * LOW HITPOINT WARNING * * *
You scratch the wyvern zombie but do no damage.
The wyvern zombie barely misses you.
You see here 2 stones.
The wyvern zombie bites you!
* * * LOW HITPOINT WARNING * * *
Drink which item? (? for menu, Esc to quit)
Okay, then.
You see here a stone.
The wyvern zombie bites you!
You die...

....###.# #...###
##.####.# #.....
#..##..####.≈≈≈
##......##..≈#####
#..###.##..≈#...# #.#
#.##..≈..∩.# # #.#
#.)[..≈#...#
###..###)#######..≈#####≈
......)((..(Z@.##.≈≈≈≈≈≈≈
.....###(#####...........
.......)))$# #####.###...
#####......... #.# #.
#......##### ..#
........# ... #.##.....#
.. . ####..# ##. #..#


You could see a wyvern zombie.

Vanquished Creatures
  3 orc warriors (Bailey)
  The ghost of Oddball22 the Insei, an amateur DsMo (D:3)
  An ogre (D:5)
  Blork the orc (D:5)
  2 giant frogs (D:6)
  Dowan (D:6)
  3 crimson imps
  A jelly (D:6)
  2 orc priests
  A hound (D:4)
  8 orc wizards
  Ijyb (D:2)
  Natasha (twice) (D:2)
  5 worker ants
  A hound zombie (D:5)
  7 adders
  5 gnolls
  A worm (D:2)
  2 dart slugs
  3 giant geckos
  16 orcs
  3 giant cockroaches
  12 goblins
  7 hobgoblins
  2 jackals (D:3)
  20 kobolds
  2 quokkas
  4 ball pythons
  2 ball python skeletons (D:5)
  4 bats
  2 giant gecko skeletons
  7 giant newts
  A jackal zombie (D:5)
  5 rats
138 creatures vanquished.

Vanquished Creatures (collateral kills)
  Eustachio (D:4)
  Edmund (D:4)
  Duvessa (D:6)
  An orc warrior (Bailey)
  A sky beast (D:5)
  2 ogres
  2 centaurs
  A big kobold (D:7)
  A gnoll sergeant (D:5)
  A howler monkey (D:6)
  Natasha (D:2)
  An orc wizard (D:4)
  4 gnolls (D:5)
  An adder (D:5)
  A giant gecko (D:7)
  An orc (D:4)
  A hobgoblin (D:3)
  4 kobolds
26 creatures vanquished.

Grand Total: 164 creatures vanquished

Notes
Turn   | Place    | Note
--------------------------------------------------------------
     0 | D:1      | Oddball22 the Demonspawn Monk began the quest for the Orb.
     0 | D:1      | Reached XP level 1. HP: 18/18 MP: 1/1
   113 | D:1      | Gained mutation: You have sharp fingernails. [demonic ancestry]
   113 | D:1      | Reached XP level 2. HP: 18/24 MP: 2/2
   169 | D:1      | Reached skill level 4 in Unarmed Combat
   864 | D:2      | Noticed Ijyb
   879 | D:2      | Killed Ijyb
   879 | D:2      | Gained mutation: A weak demonic guardian rushes to your aid. [demonic ancestry]
   879 | D:2      | Reached XP level 3. HP: 19/29 MP: 3/3
  1118 | D:2      | Noticed Natasha
  1338 | D:2      | HP: 1/29 [Natasha/magic dart (9)]
  1345 | D:2      | Killed Natasha
  1345 | D:2      | Reached XP level 4. HP: 3/35 MP: 4/4
  1744 | D:2      | Noticed Natasha
  1758 | D:2      | Killed Natasha
  1760 | D:2      | Noticed Natasha
  1774 | D:2      | Killed Natasha
  1774 | D:2      | Reached skill level 5 in Unarmed Combat
  2122 | D:3      | Reached XP level 5. HP: 41/41 MP: 5/5
  2347 | D:3      | Noticed Oddball22's ghost (amateur DsMo)
  2354 | D:3      | Gained mutation: Armour fits poorly on your strangely shaped body. [potion of mutation]
  2354 | D:3      | Gained mutation: Scrolls take you a little longer to read. [potion of mutation]
  2354 | D:3      | Gained mutation: Your spells are a little harder to cast, but a little more powerful. [potion of mutation]
  2380 | D:3      | Killed Oddball22's ghost
  2574 | D:3      | Gained mutation: A demonic guardian rushes to your aid. [demonic ancestry]
  2574 | D:3      | Reached XP level 6. HP: 40/48 MP: 6/6
  2644 | D:3      | Found a faded altar to an unknown god.
  3313 | D:4      | Noticed Edmund
  3321 | D:4      | Killed Edmund
  3536 | D:4      | Found a shimmering altar of Xom.
  3669 | D:4      | Reached skill level 6 in Unarmed Combat
  3979 | D:4      | Noticed Eustachio
  3990 | D:4      | Killed Eustachio
  3990 | D:4      | Reached XP level 7. HP: 40/54 MP: 7/7
  4404 | D:5      | Entered Level 5 of the Dungeon
  5122 | D:5      | Reached skill level 5 in Dodging
  5374 | D:5      | Reached skill level 7 in Unarmed Combat
  5380 | D:5      | Found a burning altar of Makhleb.
  5380 | D:5      | Noticed a cacodemon
  5866 | D:5      | Reached skill level 5 in Fighting
  5874 | D:5      | Reached XP level 8. HP: 58/62 MP: 8/8
  5924 | D:6      | Noticed Blork the orc
  5936 | D:5      | Killed Blork the orc
  6057 | D:6      | Got a shimmering cloak
  6068 | D:6      | Identified the +0 cloak "Ywanept" {rN+} (You found it on level 6 of the Dungeon)
  6081 | D:6      | Got a creamy pearl robe
  6114 | D:6      | Identified the +0 robe of the Dungeon {SInv} (You found it on level 6 of the Dungeon)
  6279 | D:6      | Noticed Duvessa
  6284 | D:6      | Noticed Dowan
  6285 | D:6      | Killed Duvessa
  6314 | D:6      | Killed Dowan
  6674 | D:6      | Found a glowing golden altar of the Shining One.
  6706 | D:6      | Found Zin's Purification Station.
  6709 | D:6      | Found a glowing silver altar of Zin.
  6724 | D:6      | Found Agi Qemn's Weapon Shoppe.
  7468 | D:7      | Reached skill level 8 in Unarmed Combat
  7475 | D:7      | Found a flagged portal.
  7707 | Bailey   | Entered a bailey
  8084 | Bailey   | Gained mutation: You are immune to rotting. [demonic ancestry]
  8084 | Bailey   | Reached XP level 9. HP: 9/69 MP: 9/9
  8086 | Bailey   | HP: 1/69 [kobold/tomahawk of returning (6)]
  8522 | Bailey   | Got a shimmering spear {flame}
  8921 | D:7      | HP: 2/71 [wyvern zombie (9)]
  8925 | D:7      | Mangled by a wyvern zombie

Vault maps used:
D:1:      tarquinn_simple_flora_water_f
D:2:      minmay_crystal_room, uniq_iyjb, uniq_natasha
D:3:      ecumenical_altar_1, first_bread
D:4:      tgw_xom, uniq_edmund, uniq_eustachio
D:5:      makhleb_altar_promises_db, hangedman_decor_points,
          hangedman_decor_growths
D:6:      tso_altar, zin_purify, serial_shops, shop, uniq_blork_the_orc,
          uniq_duvessa
D:7:      lemuel_blue_sif_altar, bloody_trog, minmay_temple_entry_nine_rooms,
          enter_bailey_3, uniq_prince_ribbit1
Bailey:   bailey_axe_4, bailey

Skill      XL: |  1  2  3  4  5  6  7  8 |
---------------+-------------------------+-----
Unarmed Combat | 4 5 6 7 8 |  8.5
Dodging        | 3 4 5 6 |  6.9
Fighting       | 4 5 6 |  6.4
Stealth        | |  1.7
Evocations     | |  0.2

Action                   |  1- 3 |  4- 6 |  7- 9 || total
-------------------------+-------+-------+-------++-------
Melee: Unarmed           |    93 |   161 |   359 ||   613
Evoke: Wand              |       |       |     5 ||     5
  Use: Scroll            |     2 |     2 |     1 ||     5
       Potion            |     2 |     4 |    12 ||    18
 Stab: Sleeping          |     2 |     5 |     1 ||     8
       Distracted        |       |     1 |       ||     1
       Invisible         |       |     6 |       ||     6
  Eat: Chunk             |     1 |     9 |    13 ||    23
       Beef jerky        |       |       |     1 ||     1
       Royal jelly       |       |       |     1 ||     1
